 Dungeon Crawl Stone Soup version 0.26.1-11-gd32895ea62 (webtiles) character file.

Game seed: 12559967819036107406

163 Zeld the Cudgeller (level 5, -7/45 HPs)
             Began as a Draconian Gladiator on June 14, 2021.
             Killed by nerve-wracking pain
             ... invoked by Grinder
              (12 damage)
             ... on level 3 of the Dungeon.
             The game lasted 00:03:25 (3134 turns).

Zeld the Cudgeller (Draconian Gladiator)            Turns: 3134, Time: 00:03:26

Health: -7/45      AC:  5    Str: 18    XL:     5   Next: 20%
Magic:  5/5        EV: 13    Int:  8    God:
Gold:   117        SH:  0    Dex: 12    Spells: 4/4 levels left

rFire    . . .     SeeInvis .   a - +0 flail
rCold    . . .     Faith    .   (no shield)
rNeg     . . .     Spirit   .   (armour unavailable)
rPois    .         Reflect  .   b - +0 hat
rElec    .         Harm     .   (no cloak)
rCorr    .         Rampage  .   (no gloves)
Will     .....                  (no boots)
Stlth    +.........             (no amulet)
HPRegen  0.15/turn              (no ring)
MPRegen  0.09/turn              (no ring)

@: no status effects
A: unfitting armour, cold-blooded, AC +5
a: no special abilities


You were on level 3 of the Dungeon.
You visited 1 branch of the dungeon, and saw 3 of its levels.

You collected 117 gold pieces.

Inventory:

Hand Weapons
 a - a +0 flail (weapon)
Missiles
 f - 120 stones (quivered)
 q - 6 javelins
Armour
 b - a +0 hat (worn)
Scrolls
 d - 2 scrolls of remove curse
 h - a scroll of teleportation {unknown}
 i - a scroll of identify {unknown}
 l - a scroll of immolation {unknown}
 p - a scroll of magic mapping {unknown}
Potions
 e - a potion of haste {unknown}
 g - a potion of ambrosia {unknown}
 j - a potion of flight {unknown}
 k - 2 potions of curing {unknown}
 m - a potion of degeneration {unknown}
 n - a potion of might {unknown}
 o - a potion of heal wounds {unknown}


   Skills:
 + Level 3.0 Fighting
 * Level 4.1 Maces & Flails
 * Level 3.3 Throwing
 + Level 3.3 Dodging


You had 4 spell levels left.
You didn't know any spells.
Your spell library was empty.

Dungeon Overview and Level Annotations

Branches:
Dungeon (3/15)

Altars:
Wu Jian

Annotations:
D:3 Grinder


Innate Abilities, Weirdness & Mutations

Your plain brown scales are hard. (AC +5)
You cannot fit into any form of body armour.
You are cold-blooded and may be slowed by cold attacks.


Message History

You barely miss Grinder.
Grinder is heavily wounded.
Grinder hits you.
You writhe in agony.
* * * LOW HITPOINT WARNING * * *
You closely miss Grinder. You tail-slap Grinder.
Grinder is severely wounded.
Grinder gestures at you. You resist with significant effort.
You barely miss Grinder.
Your tail-slap misses Grinder.
Grinder is severely wounded.
Grinder hits you.
* * * LOW HITPOINT WARNING * * *
You writhe in agony.
* * * LOW HITPOINT WARNING * * *
Unknown command.
You sock Grinder!
Your tail-slap misses Grinder.
Grinder is almost dead.
Grinder gestures at you. Pain shoots through your body!
You die...

#...# #...# #.>.# #...#
#...# ############# #...#
##.....#.....#### #...#
##................ #...#
#...............## #...#
#..5@.(.........# #...##
#.......(.......# ###..#
#(..............#
#..#####...............#
##.....................##
#####.....#####.....#.....##
...)..##..# #########...#
.>....##...# .#.#
.....#####...#


You could see Grinder.

Vanquished Creatures
  Jessica (D:3)
  6 adders (D:2)
  3 gnolls (D:2)
  An ooze (D:2)
  A worm (D:2)
  A dart slug (D:2)
  A leopard gecko (D:2)
  4 giant cockroaches
  4 hobgoblins
  2 ball pythons
  8 bats
  3 frilled lizards
  7 goblins
  7 kobolds
  4 rats
53 creatures vanquished.

Notes
Turn   | Place    | Note
-------+----------+-------------------------------------------
     0 | D:1      | Zeld the Draconian Gladiator began the quest for the Orb.
     0 | D:1      | Reached XP level 1. HP: 17/17 MP: 1/1
   317 | D:1      | Reached XP level 2. HP: 15/24 MP: 2/2
   992 | D:2      | Reached XP level 3. HP: 28/30 MP: 3/3
  1408 | D:2      | Found an ornate altar of the Wu Jian Council.
  1418 | D:2      | Reached XP level 4. HP: 37/37 MP: 4/4
  2395 | D:2      | Reached skill level 4 in Maces & Flails
  2949 | D:3      | Reached XP level 5. HP: 44/44 MP: 5/5
  2976 | D:3      | Noticed Jessica
  3001 | D:3      | Killed Jessica
  3098 | D:3      | Noticed Grinder
  3134 | D:3      | Killed from afar by Grinder

Illustrated notes

Levels and vault maps discovered:
D:1:      saegor_arrival_simple_b, layout_rooms
D:2:      layout_basic, pdpol_wu_jian_five_deadly_venoms
D:3:      layout_rooms, portal_sewer_entry_b, minmay_strange_pillars,
          uniq_terence, uniq_jessica, uniq_grinder

Skill      XL: |  1  2  3  4  5 |
---------------+----------------+-----
Throwing       | 2 3 |  3.3
Dodging        | 3 |  3.3
Maces & Flails | 4 |  4.1
Fighting       | 3 |  3.0

Action                   |  1- 3 |  4- 6 || total
-------------------------+-------+-------++-------
Melee: Flail             |    90 |   103 ||   193
       Tailslap          |     6 |    10 ||    16
Throw: Throwing net      |       |     6 ||     6
  Use: Scroll            |       |     1 ||     1
 Stab: Sleeping          |     1 |     1 ||     2
Armor: Skin              |    45 |    22 ||    67
Dodge: Dodged            |   104 |    91 ||   195
